 Dungeon Crawl Stone Soup version 0.31-a0-771-g505c3d19dc (webtiles) character file.

Game seed: 558894850067435064

175 Psyclone the Stinger (level 5, -2/31 HPs)
             Began as an Octopode Venom Mage on Sept 16, 2023.
             Slain by a black bear (5 damage)
             ... on level 4 of the Dungeon on Sept 17, 2023.
             The game lasted 00:09:53 (3307 turns).

Psyclone the Stinger (Octopode Venom Mage)          Turns: 3307, Time: 00:09:53

Health: -2/31      AC:  1    Str:  7    XL:     5   Next: 55%
Magic:  1/10       EV: 13    Int: 20    God:
Gold:   223        SH:  0    Dex: 10    Spells: 4/10 levels left

rFire   . . .        a - +1 short sword (venom)
rCold   x . .        (no shield)
rNeg    . . .        (helmet restricted)
rPois   .            (no amulet)
rElec   .            (no ring)
rCorr   .            (no ring)
SInv    .            (no ring)
Will    .....        (no ring)
Stlth   +++          (no ring)
HPRegen 0.25/turn    (no ring)
MPRegen 0.12/turn    (no ring)
                     (no ring)

%: no passive effects
@: no status effects
A: almost no armour, amphibious, 8 rings, camouflage 1, gelatinous body 1,
(nimble swimmer 1), tentacles, clumsy 1, teleportitis 1, cold vulnerability 1
a: no special abilities


You were on level 4 of the Dungeon.
You visited 1 branch of the dungeon, and saw 4 of its levels.

You collected 223 gold pieces.

Inventory:

Hand Weapons
 a - a +1 short sword of venom (weapon)
Missiles
 c - 4 atropa-tipped darts
 d - 6 poisoned darts
Scrolls
 j - a scroll of enchant weapon
 k - 2 scrolls of enchant armour
Potions
 b - 2 potions of enlightenment
 f - 3 potions of attraction
 g - a potion of resistance
 h - a potion of ambrosia
 i - a potion of cancellation
 l - a potion of magic


   Skills:
 - Level 2.0 Dodging
 - Level 2.6 Stealth
 + Level 3.3 Spellcasting
 - Level 1.0 Transmutations
 - Level 6.3 Poison Magic


You had 4 spell levels left.
You knew the following spells:

 Your Spells              Type           Power      Damage    Failure   Level
a - Poisonous Vapours     Pois/Air       32%        N/A       5%          2
b - Sting                 Tmut/Pois      72%        1d6       3%          1
d - Mephitic Cloud        Conj/Pois/Air  11%        N/A       17%         3

Your spell library contained the following spells:

 Spells                   Type           Power      Damage    Failure   Level
 Olgreb's Toxic Radiance  Pois           28%        N/A       10%         4
 Necrotise                Necr           12%        1d4       14%         1
 Tukima's Dance           Hex            3%         N/A       38%         3
 Vampiric Draining        Necr           3%         2d6       38%         3
 Passage of Golubria      Tloc           3%         N/A       80%         4
 Yara's Violent Unravell  Hex/Tmut       2%         3d3       97%         5
 Agony                    Necr           3%         N/A       98%         5


Dungeon Overview and Level Annotations

Branches:
Dungeon (4/15) Zot: 20681
 Temple: D:4-7

Altars:

Shops:
D:2 ((

Annotations:
D:3 3 runed translucent doors, randomguy2701's ghost, amateur GnFi
D:4 2 runed translucent doors


Innate Abilities, Weirdness & Mutations

You cannot wear most types of armour.
You are amphibious.
You can wear up to eight rings at the same time.
Your skin changes colour to match your surroundings (Stealth+).
Your rubbery body absorbs attacks. (AC +1, EV +1)
((You are camouflaged when in or above water. (Stealth+)))
You have tentacles for arms and can constrict up to eight enemies at once.
You are clumsy. (Dex -2)
You are occasionally teleported next to monsters.
You are vulnerable to cold. (rC-)


Message History

Aiming: Poisonous Vapours (safe; 5% risk of failure)
Press: ? - help, Dir - move target, f/p - black bear
Aim: a black bear (very poisoned) Poisonous vapours surround the black bear!
The black bear looks even sicker.
The black bear bites you! The black bear closely misses you.
The black bear misses you.
You take 7 damage, and have 24/31 hp.
MASSIVE DAMAGE!!
You now have 0/10 mp.
Casting: Poisonous Vapours (safe; 5% risk of failure)
Confirm with . or Enter, or press ? or * to list all spells.
You don't have enough magic to cast this spell.
Unknown command.
You hit the black bear. Your grab misses the black bear.
The black bear is moderately wounded.
The black bear bites you! The black bear barely misses you.
The black bear claws you.
You take 8 damage, and have 16/31 hp.
MASSIVE DAMAGE!!
You hit the black bear but do no damage.
The black bear looks as sick as possible!
You grab the black bear.
The black bear is moderately wounded.
You constrict the black bear, but do no damage.
The black bear misses you. The black bear claws you. x2
You take 6 damage, and have 10/31 hp.
You hit the black bear but do no damage.
The black bear looks as sick as possible!
The black bear is moderately wounded.
You constrict the black bear, but do no damage.
The black bear bites you.
* * * LOW HITPOINT WARNING * * *
The black bear claws you.
* * * LOW HITPOINT WARNING * * *
The black bear claws you.
* * * LOW HITPOINT WARNING * * *
You take 7 damage, and have 3/31 hp.
MASSIVE DAMAGE!!
You hit the black bear.
The black bear looks as sick as possible!
The black bear is heavily wounded.
You constrict the black bear, but do no damage.
The black bear bites you.
You die...

####...## ####
........###...
..........#..
..........#.#
>.........#.##
.............##
#.............#
#..?.....#h.#....
##......###@# .
######## #...#
#..## #.## #.#
#.. #.. ###


You could see a black bear (extremely poisoned).

Vanquished Creatures
  An iguana (D:4)
  Terence (D:2)
  3 gnolls (D:2)
  4 adders (D:4)
  A dart slug (D:1)
  An orc (D:4)
  5 endoplasms
  A giant cockroach (D:1)
  8 goblins
  4 hobgoblins
  6 jackals
  5 kobolds
  A quokka (D:4)
  4 ball pythons
  6 bats
  4 rats
55 creatures vanquished.

Notes
Turn   | Place    | Note
-------+----------+-------------------------------------------
     0 | D:1      | Psyclone the Octopode Venom Mage began the quest for the
                  | Orb.
     0 | D:1      | Reached XP level 1. HP: 11/11 MP: 3/3
   161 | D:1      | Reached skill level 4 in Poison Magic
   256 | D:1      | Reached XP level 2. HP: 4/17 MP: 0/5
   317 | D:1      | Learned a level 2 spell: Poisonous Vapours
   954 | D:2      | Found Wuinyo's Antique Weapon Emporium.
  1023 | D:2      | Noticed Terence
  1150 | D:2      | Found Vouraol's Antique Weapon Emporium.
  1249 | D:2      | Reached skill level 5 in Poison Magic
  1249 | D:2      | Reached XP level 3. HP: 21/21 MP: 6/6
  1253 | D:2      | Learned a level 3 spell: Mephitic Cloud
  1401 | D:2      | Killed Terence
  1599 | D:2      | Reached XP level 4. HP: 27/27 MP: 7/7
  1607 | D:2      | Reached skill level 6 in Poison Magic
  1865 | D:2      | Gained mutation: You are occasionally teleported next to
                  | monsters. [potion of mutation]
  1865 | D:2      | Gained mutation: You are clumsy. (Dex -2) [potion of
                  | mutation]
  1865 | D:2      | Gained mutation: You are vulnerable to cold. (rC-) [potion
                  | of mutation]
  1898 | D:3      | Found a runed translucent gate.
  1899 | D:3      | Found a runed translucent gate.
  1900 | D:3      | Found a runed translucent gate.
  1909 | D:3      | Noticed randomguy2701's ghost (amateur GnFi)
  2852 | D:4      | Reached XP level 5. HP: 31/31 MP: 3/8
  2901 | D:4      | HP: 1/31 [iguana (4)]
  3251 | D:4      | Found a large runed translucent door.
  3251 | D:4      | Found a large runed translucent door.
  3296 | D:4      | Noticed a black bear
  3307 | D:4      | Slain by a black bear

Illustrated notes

Levels and vault maps discovered:
D:1:      dpeg_arrival_pits, layout_rooms
D:2:      layout_loops_ring, serial_shops, nicolae_shop_tiny_statue_garden,
          shop, serial_glass, glass_columns_c, glass_columns_c,
          chequers_serial_rivers_micro_b, uniq_terence
D:3:      layout_basic, gammafunk_ghost_split, nrook_mini_vaults
D:4:      layout_cave_pods, gammafunk_temple_overflow_elements,
          jmf_multi_god_temple2, serial_park, serial_park_square1
          [serial_park_minivault_5x5_8], serial_park_gazebo
          [serial_park_minivault_5x5_3], serial_park_square2,
          serial_park_tiny_1, palyth_stone_intersect, dk_rats_in_the_wall

Skill      XL: |  1  2  3  4  5 |
---------------+----------------+-----
Poison Magic   | 4 5 6 |  6.3
Spellcasting   | 3 |  3.3
Dodging        | |  2.0
Stealth        | |  2.6
Transmutations | |  1.0

Action                     |  1- 3 |  4- 6 || total
---------------------------+-------+-------++-------
  Melee: Unarmed           |    15 |       ||    15
         Tentacles         |     7 |     9 ||    16
         Constrict         |     7 |    13 ||    20
         Dagger            |    20 |    38 ||    58
         Short sword       |       |     7 ||     7
   Cast: Sting             |    12 |     1 ||    13
         Poisonous Vapours |    25 |    47 ||    72
    Use: Scroll            |     3 |     5 ||     8
         Potion            |     2 |     3 ||     5
   Stab: Sleeping          |     5 |     2 ||     7
 Armour: Skin              |    11 |    30 ||    41
  Dodge: Dodged            |    26 |    26 ||    52

Table legend: (Time is in decaauts)
 A = Elapsed time spent in this place.
 B = Non-inter-level travel time spent in this place.
 C = Inter-level travel time spent in this place.
 D = Time resting spent in this place.
 E = Time spent auto-exploring this place.
 F = Levels seen in this place.
 G = Mean time per level.
                   A        B        C        D        E       F      G
               +--------+--------+--------+--------+--------+-----+--------+
         Total |   3317 |   3250 |     67 |    424 |   2063 |   4 |  829.2 |
       Dungeon |   3317 |   3250 |     67 |    424 |   2063 |   4 |  829.2 |
               +--------+--------+--------+--------+--------+-----+--------+

Top non-repeatable levels by time:
     D:2: 1077 daAuts
     D:1: 809 daAuts
     D:3: 789 daAuts
     D:4: 640 daAuts
